 Dungeon Crawl Stone Soup version 0.32-a0-629-g87aaac5c70 (webtiles) character file.

Game seed: 11636396600000349671

674 xdchan the Reanimator (level 7, 0/69 HPs)
             Began as a Demonspawn Necromancer on Mar 6, 2024.
             Slain by Edmund
             ... wielding a +0 dire flail of holy wrath
              (7 damage)
             ... on level 5 of the Dungeon.
             The game lasted 00:26:16 (4929 turns).

xdchan the Reanimator (Demonspawn Necromancer)      Turns: 4929, Time: 00:26:17

Health: 0/69       AC: 23    Str:  8      XL:     7   Next: 33%
Magic:  0/10       EV:  2    Int: 15 (16) God:
Gold:   233        SH:  0    Dex: 15      Spells: 6/10 levels left

rFire   + . .        f - +0 dagger (heavy)
rCold   x . .        (no shield)
rNeg    . . .        a - melded +2 robe
rPois   +            (helmet currently unavailable)
rElec   .            (cloak currently unavailable)
rCorr   .            l - melded +0 pair of gloves
SInv    +            (boots currently unavailable)
Will    .....        (no amulet)
Stlth   ++           h - ring of fire
HPRegen 0.31/turn    m - ring of see invisible
MPRegen 0.12/turn

%: no passive effects
@: tree-form
A: stationary, stasis, torment immunity, boosted hp, (claws 2), (thin metallic
scales 1), (spiny 1), wild magic 1
a: no special abilities


You were on level 5 of the Dungeon.
You were a tree.
You visited 1 branch of the dungeon, and saw 5 of its levels.

You collected 233 gold pieces.

Inventory:

Hand Weapons
 f - a +0 heavy dagger (weapon)
 q - a +1 whip of venom
Armour
 a - a +2 robe (melded)
 d - a scarf of invisibility
 l - a +0 pair of gloves (melded)
 u - a +0 tower shield
Magical Staves
 j - a staff of earth
Jewellery
 h - a ring of fire (left branch)
 m - a ring of see invisible (right branch)
 s - a ring of resist corrosion
Wands
 o - a wand of flame (12)
Scrolls
 b - a scroll of vulnerability
 c - 4 scrolls of immolation
 p - 2 scrolls of teleportation
 r - 2 scrolls of identify
Potions
 g - a potion of enlightenment
 i - 2 potions of lignification
 n - 2 potions of degeneration


   Skills:
 - Level 0.2 Fighting
 * Level 1.7 Short Blades
 * Level 2.7 Dodging
 * Level 2.9 Stealth
 - Level 0.1 Unarmed Combat
 - Level 2.0 Spellcasting
 * Level 8.7 Necromancy


You had 6 spell levels left.
You knew the following spells:

 Your Spells              Type           Power      Damage    Failure   Level
a - Necrotise             Necr           100%       1d9       1%          1
b - Vampiric Draining     Necr           36%        2d8       3%          3

Your spell library contained the following spells:

 Spells                   Type           Power      Damage    Failure   Level
 Animate Dead             Necr           36%        N/A       10%         4
 Curse of Agony           Necr           36%        N/A       24%         5
 Magic Dart               Conj           4%         1d3       30%         1
 Blink                    Tloc           2%         N/A       41%         2
 Call Imp                 Summ           2%         N/A       41%         2
 Inner Flame              Hex/Fire       2%         N/A       63%         3
 Flame Wave               Conj/Fire      2%         2d4       95%         4
 Leda's Liquefaction      Alch/Erth      0%         N/A       95%         4
 Sticky Flame             Fire/Alch      2%         2d4       95%         4
 Lee's Rapid Deconstruct  Erth           0%         3d4*      100%        5
 Bombard                  Conj/Erth      0%         9d1       100%        6


Dungeon Overview and Level Annotations

Branches:
Dungeon (5/15)
 Temple: D:4-7

Altars:
Gozag
Qazlal

Shops:
D:1 **=   D:4 =

Annotations:
D:5 Edmund, Eustachio


Innate Abilities, Weirdness & Mutations

You are a tree.
Your roots penetrate the ground, keeping you stationary.
You cannot be teleported.
You are immune to unholy pain and torment.
Your maximum health is greatly increased.
Your equipment is partially melded.
((You have very sharp fingernails.))
((You are partially covered in thin metallic scales. (AC +2)))
((You are partially covered in sharp spines.))
Your spells are a little harder to cast, but a little more powerful.


Message History

Your +2 robe melds into your body.
Your roots penetrate the ground.
Aiming: Throw Flame
Press: ? - help, Shift-Dir - straight line, f - Edmund
Aim: Edmund, wielding a +0 dire flail of holy wrath and wearing a +0 ring mail (72% to hit)
The puff of flame hits Edmund.
Edmund is lightly wounded.
Aiming: Necrotise (safe; 1% risk of failure)
Press: ? - help, Q - select action, (/) - cycle Shift-Dir - straight line, f/p - Edmund
Aim: Edmund, wielding a +0 dire flail of holy wrath and wearing a +0 ring mail (lightly wounded, chance to affect: 83%)
Okay, then.
Aiming: Throw Flame
Press: ? - help, Shift-Dir - straight line, f/p - Edmund
Aim: Edmund, wielding a +0 dire flail of holy wrath and wearing a +0 ring mail (lightly wounded, 72% to hit)
The puff of flame misses Edmund.
Unknown command.
Aiming: Vampiric Draining (dangerous; 3% risk of failure)
Press: ? - help, Q - select action, (/) - cycle Shift-Dir - straight line, f/p - Edmund
Aim: Edmund, wielding a +0 dire flail of holy wrath and wearing a +0 ring mail (lightly wounded)
You draw life force from Edmund!
You feel life coursing into your body.
The white imp hits you but does no damage.
Edmund hits you with a +0 dire flail of holy wrath.
* * * LOW HITPOINT WARNING * * *
You convulse.
* * * LOW HITPOINT WARNING * * *
Aiming: Vampiric Draining (dangerous; 3% risk of failure)
Press: ? - help, Q - select action, (/) - cycle Shift-Dir - straight line, f/p - Edmund
Aim: Edmund, wielding a +0 dire flail of holy wrath and wearing a +0 ring mail (moderately wounded)
You draw life force from Edmund!
You feel life coursing into your body.
The white imp hits you but does no damage.
Edmund hits you but does no damage.
You don't have enough magic to cast this spell.
You don't have enough magic to cast this spell.
You closely miss Edmund.
Edmund is heavily wounded.
The white imp hits you but does no damage.
Edmund hits you with a +0 dire flail of holy wrath!
* * * LOW HITPOINT WARNING * * *
You convulse!
You die...
Edmund says, "I'd like to see a scythe do that!"

# # #.......# #..# #. #.
#.......###..# #.. #.#
#........##..#
#...#.###.....##.##..#
#.............#ß.ß#..#####
#.#....##..............Y5#
.......<......#ß.ß#.#.##@#
#.##.#......####@##...##h#
#.######....####♣####@##.#
...............#5# #.##5#
#.###..@.......#.# #.##.#
#.# #............####.##.#
### #............5..5h.@5#
####.....#...###.#####
############.#....##.#
......######.##...##.#
#####.##.....####.##.#


You could see Edmund, a crimson imp (summoned) and a white imp (summoned).

Vanquished Creatures
  A yak (D:5)
  An ogre (D:2)
  A bombardier beetle (D:4)
  A sleepcap (D:5)
  Natasha (thrice) (D:4)
  2 adders
  4 gnolls (D:4)
  3 dart slugs
  An orc (D:4)
  11 endoplasms
  4 giant cockroaches
  12 goblins
  5 hobgoblins
  8 jackals
  11 kobolds
  2 quokkas
  8 ball pythons
  7 bats
  5 frilled lizards
  5 rats
95 creatures vanquished.

Vanquished Creatures (collateral kills)
  A yak (D:5)
  An endoplasm (D:2)
  A giant cockroach (D:1)
  2 goblins
  A rat (D:2)
6 creatures vanquished.

Grand Total: 101 creatures vanquished

Notes
Turn   | Place    | Note
-------+----------+-------------------------------------------
     0 | D:1      | xdchan the Demonspawn Necromancer began the quest for the
                  | Orb.
     0 | D:1      | Reached XP level 1. HP: 13/13 MP: 3/3
   139 | D:1      | Gained mutation: You are partially covered in thin metallic
                  | scales. (AC +2) [demonic ancestry]
   139 | D:1      | Reached XP level 2. HP: 16/19 MP: 0/5
   354 | D:1      | Reached skill level 5 in Necromancy
   484 | D:1      | Found Ferux's General Store.
   711 | D:1      | Found Xedgham Zicy's Jewellery Boutique.
   719 | D:1      | Reached XP level 3. HP: 24/24 MP: 1/6
   797 | D:1      | Found Eczudich's Assorted Antiques.
  1370 | D:1      | Gained mutation: Your spells are a little harder to cast,
                  | but a little more powerful. [potion of mutation]
  1455 | D:2      | Found a faded altar of an unknown god.
  1770 | D:2      | Reached XP level 4. HP: 10/30 MP: 0/7
  2779 | D:3      | Identified the +3 ring mail of Reason {rC++ Str+3 Dex-2
                  | SInv}
  2814 | D:3      | Noticed an ogre
  2840 | D:3      | Reached skill level 6 in Necromancy
  2985 | D:2      | Killed an ogre
  2986 | D:2      | Gained mutation: You have sharp fingernails. [demonic
                  | ancestry]
  2986 | D:2      | Reached XP level 5. HP: 35/35 MP: 4/8
  3431 | D:3      | Found a stormy altar of Qazlal.
  3764 | D:4      | Noticed Natasha
  3769 | D:4      | Learned a level 3 spell: Vampiric Draining
  3773 | D:4      | Killed Natasha
  3834 | D:4      | Noticed Natasha
  3840 | D:4      | Killed Natasha
  3841 | D:4      | Reached skill level 1 in Short Blades
  3841 | D:4      | Reached skill level 7 in Necromancy
  3874 | D:4      | Found an opulent altar of Gozag.
  3934 | D:4      | Gained mutation: You have very sharp fingernails. [demonic
                  | ancestry]
  3934 | D:4      | Reached XP level 6. HP: 41/41 MP: 0/9
  4105 | D:4      | Found Isoirchumna's Jewellery Boutique.
  4105 | D:4      | Noticed Natasha
  4110 | D:4      | Killed Natasha
  4474 | D:5      | Entered Level 5 of the Dungeon
  4830 | D:5      | Noticed Edmund
  4867 | D:5      | Noticed a yak
  4867 | D:5      | Noticed a yak
  4878 | D:5      | Killed a yak
  4879 | D:5      | Reached skill level 8 in Necromancy
  4879 | D:5      | Gained mutation: You are partially covered in sharp spines.
                  | [demonic ancestry]
  4879 | D:5      | Reached XP level 7. HP: 14/46 MP: 1/10
  4881 | D:5      | Noticed a yak
  4891 | D:5      | Noticed Eustachio
  4892 | D:5      | Killed a yak
  4929 | D:5      | Slain by Edmund

Illustrated notes

Levels and vault maps discovered:
D:1:      wander_arrival_peaceful_grave, layout_basic, serial_shops,
          nicolae_shop_rolling_square, nicolae_shop_stone,
          nicolae_shop_back_alley_shop
D:2:      layout_basic, hellmonk_ecumenical_altar_blasted, minmay_tiny_reverse_x
D:3:      minmay_evil_eye, layout_rooms, mainiacjoe_overflow_alcove_1,
          hangedman_abyss_or_decor_stabs, skrybe_limestone_x,
          minmay_ogre_servants
D:4:      layout_rooms, grunt_gozag_breadcrumbs, serial_shops,
          nicolae_square_shop, uniq_natasha
D:5:      layout_basic, serial_shops, shop, small_statue_intersection,
          uniq_edmund, uniq_eustachio, uniq_blork_the_orc

Skill      XL: |  1  2  3  4  5  6 |
---------------+-------------------+-----
Stealth        | 2 |  2.9
Necromancy     | 5 6 7 8 |  8.7
Dodging        | 2 |  2.7
Short Blades   | 1 |  1.7
Fighting       | |  0.2
Unarmed Combat | |  0.1
Spellcasting   | |  2.0

Action                     |  1- 3 |  4- 6 |  7- 9 || total
---------------------------+-------+-------+-------++-------
  Melee: Unarmed           |    30 |       |       ||    30
         Punch             |     1 |       |       ||     1
         Dagger            |    20 |     8 |     4 ||    32
   Cast: Necrotise         |    74 |    88 |     1 ||   163
         Vampiric Draining |       |     5 |     2 ||     7
  Evoke: Wand              |       |       |     2 ||     2
    Use: Potion            |     3 |     5 |     2 ||    10
         Scroll            |     3 |     8 |     1 ||    12
 Armour: Robe              |    47 |    31 |     6 ||    84
         Skin              |       |       |     6 ||     6
  Dodge: Dodged            |    56 |    19 |     1 ||    76

Table legend: (Time is in decaauts)
 A = Elapsed time spent in this place.
 B = Non-inter-level travel time spent in this place.
 C = Inter-level travel time spent in this place.
 D = Time resting spent in this place.
 E = Time spent auto-exploring this place.
 F = Levels seen in this place.
 G = Mean time per level.
                   A        B        C        D        E       F      G
               +--------+--------+--------+--------+--------+-----+--------+
         Total |   4933 |   4842 |     91 |    903 |   2698 |   5 |  986.6 |
       Dungeon |   4933 |   4842 |     91 |    903 |   2698 |   5 |  986.6 |
               +--------+--------+--------+--------+--------+-----+--------+

Top non-repeatable levels by time:
     D:1: 1398 daAuts
     D:2: 1270 daAuts
     D:3: 1056 daAuts
     D:4: 750 daAuts
     D:5: 458 daAuts
